 Dungeon Crawl Stone Soup version 0.23-a0-470-g6f7cfd9 (webtiles) character file.

214 RoseArtemis the Cudgeler (level 5, 0/53 HPs)
             Began as a Troll Berserker on Nov 26, 2018.
             Was a Believer of Trog.
             Killed by divine providence
             ... invoked by an orc priest
              (13 damage)
             ... on level 3 of the Dungeon.
             The game lasted 00:05:14 (2051 turns).

RoseArtemis the Cudgeler (Troll Berserker)          Turns: 2051, Time: 00:05:14

Health: 0/53       AC:  5    Str: 25    XL:     5   Next: 60%
Magic:  4/4        EV: 10    Int:  4    God:    Trog [**....]
Gold:   82         SH:  0    Dex:  9    Spells: 4/4 levels left

rFire    . . .     SeeInvis .   h - +0 flail (drain)
rCold    . . .     Gourm    +   (no shield)
rNeg     . . .     Faith    .   b - +0 animal skin
rPois    .         Spirit   .   (helmet restricted)
rElec    .         Reflect  .   (no cloak)
rCorr    .         Harm     .   (gloves unavailable)
MR       .....                  (boots unavailable)
Stlth    +.........             (no amulet)
HPRegen  0.57/turn              (no ring)
MPRegen  0.09/turn              (no ring)

@: no status effects
A: large, unfitting armour, claws 3, fast metabolism 3, gourmand, regeneration
1, shaggy fur 1, tough skin 2
a: Berserk, Trog's Hand, Renounce Religion


You were on level 3 of the Dungeon.
You worshipped Trog.
Trog was pleased with you.
You were very full.

You visited 1 branch of the dungeon, and saw 3 of its levels.

You collected 82 gold pieces.

Inventory:

Hand Weapons
 h - a +0 flail of draining (weapon)
Armour
 b - a +0 animal skin (worn)
Jewellery
 a - a cursed ring of teleportation {unknown}
Wands
 l - a wand of flame (11)
Scrolls
 g - a scroll of amnesia {unknown}
 j - 2 scrolls of remove curse {unknown}
 k - a scroll of identify {unknown}
 o - 2 scrolls of enchant weapon {unknown}
Potions
 d - 2 potions of curing {unknown}
 e - 2 potions of mutation {unknown}
 i - a potion of ambrosia {unknown}
 m - a potion of flight {unknown}
 n - 2 potions of might {unknown}
 p - a potion of haste {unknown}
Comestibles
 c - 6 rations


   Skills:
 + Level 3.1 Fighting
 * Level 4.2 Maces & Flails
 + Level 1.9 Throwing
 + Level 3.1 Dodging


You had 4 spell levels left.
You didn't know any spells.
Your spell library was empty.

Dungeon Overview and Level Annotations

Branches:
Dungeon (3/15)

Altars:


Innate Abilities, Weirdness & Mutations

You are too large for most types of armour.
You have claws for hands.
Your metabolism is lightning-fast.
You like to eat raw meat.
Your natural rate of healing is unusually fast.
You are covered in fur. (AC +1)
You have very tough skin. (AC +2)


Message History

The orc hits you with a +3 dagger.
* * * LOW HITPOINT WARNING * * *
The orc priest hits you but does no damage.
The orc wizard casts a spell at you. You resist with some effort.
You hit the orc priest. You drain the orc priest!
The orc hits you but does no damage. The orc hits you with a +3 dagger.
* * * LOW HITPOINT WARNING * * *
The orc priest mumbles some strange prayers to Beogh against you.
Pain shoots through your body!
* * * LOW HITPOINT WARNING * * *
The orc wizard gestures at you while chanting.
The magic dart hits you!
* * * LOW HITPOINT WARNING * * *
The orc wizard casts a spell.
The orc wizard blinks!
The orc closely misses you.
The orc priest calls down the wrath of Beogh upon you.
Beogh smites you!
You die...

### ..# ### ###.# ..[... #..
..#.# ......
#.###.#.######### .....###
#.#.#.#.#....(..#
......####...#.#.#.#####.#
#....+......#.#.#.# #.#
#####....#.o@.....#.#.## #.#
.........#.###.........####.#
....(...oo.....###+###.>#...#
....(....o.###.# #).###.#
....#....### #.# #.## #.# ...
#....# #.# +.. #.# . #....#
#.## #... #.# ####.. #.#
#...##.# #..# #.# #...##.#


You could see an orc priest, an orc wizard and an orc.

Vanquished Creatures
  An orc warrior (D:1)
  5 adders
  An ooze (D:1)
  A worm (D:3)
  2 dart slugs (D:1)
  2 leopard geckos
  4 orcs
  2 giant cockroaches
  3 goblins
  4 hobgoblins
  10 kobolds
  A ball python (D:1)
  13 bats
  4 frilled lizards
  5 rats
58 creatures vanquished.

Notes
Turn   | Place    | Note
-------+----------+-------------------------------------------
     0 | D:1      | RoseArtemis the Troll Berserker began the quest for the
                  | Orb.
     0 | D:1      | Reached XP level 1. HP: 22/22 MP: 0/0
   158 | D:1      | Reached XP level 2. HP: 29/29 MP: 1/1
   260 | D:1      | Reached skill level 3 in Maces & Flails
   539 | D:1      | Reached XP level 3. HP: 36/36 MP: 2/2
   798 | D:1      | Reached skill level 1 in Throwing
   800 | D:1      | Reached ** piety under Trog
   975 | D:2      | Noticed an orc warrior
  1212 | D:2      | HP: 1/36 [orc warrior/+0 flail (23)]
  1368 | D:1      | Killed an orc warrior
  1368 | D:1      | Reached skill level 4 in Maces & Flails
  1368 | D:1      | Reached XP level 4. HP: 35/45 MP: 3/3
  1368 | D:1      | Reached XP level 5. HP: 41/53 MP: 4/4
  1419 | D:2      | Found a faded altar of an unknown god.
  2051 | D:3      | Killed from afar by an orc priest

Vault maps used:
D:1:      dpeg_arrival_brainrot, minmay_distorted
D:2:      chequers_ecumenical_altar_simple
D:3:      minmay_chambers_of_threes, lemuel_doored_altar

Skill      XL: |  1  2  3 |
---------------+----------+-----
Maces & Flails | 3 4 |  4.2
Throwing       | 1 |  1.9
Fighting       | 3 |  3.1
Dodging        | 3 |  3.1

Action                   |  1- 3 |  4- 6 || total
-------------------------+-------+-------++-------
Melee: Mace              |    98 |       ||    98
       Flail             |    28 |    71 ||    99
Throw: Throwing net      |     1 |       ||     1
       Javelin           |       |     4 ||     4
Invok: Berserk           |     1 |       ||     1
  Eat: Chunk             |    18 |     7 ||    25
Armor: Animal skin       |    42 |    48 ||    90
Dodge: Dodged            |    86 |    55 ||   141

Table legend:
 A = Non-vault XP
 B = Vault XP
 C = Vault XP percentage of total XP
 D = Non-vault monster count
 E = Vault monster count
 F = Vault count percentage of total count
                 A         B        C        D         E       F
            +---------+---------+-------+---------+---------+-------
      Total |     304 |       3 |   1.0 |      56 |       2 |   3.4
            +---------+---------+-------+---------+---------+-------
        D:1 |     187 |       3 |   1.6 |      26 |       2 |   7.1
        D:2 |      93 |       0 |   0.0 |      26 |       0 |   0.0
        D:3 |      24 |       0 |   0.0 |       4 |       0 |   0.0
            +---------+---------+-------+---------+---------+-------
